 Dungeon Crawl Stone Soup version 0.30.0-13-g156ef70053 (webtiles) character file.

Game seed: 5743913195539257255

5424 retardedninja the Magician (level 10, 0/76 HPs)
             Began as a Gnoll Fire Elementalist on May 17, 2023.
             Was a Priest of Cheibriados.
             Engulfed by a steam dragon's steam (4 damage)
             ... on level 8 of the Dungeon.
             The game lasted 00:23:12 (12704 turns).

retardedninja the Magician (GnFE)                  Turns: 12704, Time: 00:23:12

Health: 0/76       AC:  9    Str: 14    XL:     10   Next: 67%
Magic:  17/21      EV: 22    Int: 27    God:    Cheibriados [***...]
Gold:   454        SH:  5    Dex: 22    Spells: 14/24 levels left

rFire   . . .        G - +2 demon blade (flame)
rCold   . . .        (no shield)
rNeg    . . .        a - +0 robe
rPois   +            q - +1 hat
rElec   .            y - +1 cloak
rCorr   .            F - +0 pair of fencer's gloves {Riposte Dex+3}
SInv    .            i - +1 pair of boots
Will    .....        E - amulet of reflection
Stlth   ++++         n - +5 ring of evasion
HPRegen 0.32/turn    D - ring of poison resistance
MPRegen 0.17/turn

%: reflection
@: very slow
A: fangs 1, strong nose, distributed training
a: Renounce Religion, Bend Time, Temporal Distortion


You were on level 8 of the Dungeon.
You worshipped Cheibriados.
Cheibriados was most pleased with you.
You visited 2 branches of the dungeon, and saw 9 of its levels.
You also visited: Bailey.

You collected 454 gold pieces.

Inventory:

Hand Weapons
 G - a +2 demon blade of flaming (weapon)
Armour
 a - a +0 robe (worn)
 i - a +1 pair of boots (worn)
 q - a +1 hat (worn)
 y - a +1 cloak (worn)
 F - the +0 pair of fencer's gloves (worn) {Riposte Dex+3}
   (You found it in a bailey)

   Riposte:   It allows the wearer to riposte with melee weapons, swiftly
   retaliating against missed or blocked melee attacks.
   Dex:       It affects your dexterity (+3).
Jewellery
 l - an amulet of regeneration
 n - a +5 ring of evasion (left hand)
 A - a ring of resist corrosion
 D - a ring of poison resistance (right hand)
 E - an amulet of reflection (around neck)
Wands
 B - a wand of flame (18)
Scrolls
 b - a scroll of magic mapping {unknown}
 f - 2 scrolls of fear {unknown}
 g - a scroll of immolation {unknown}
 h - 2 scrolls of noise {unknown}
 j - a scroll of teleportation
 r - a scroll of vulnerability {unknown}
 t - 2 scrolls of fog {unknown}
 w - 4 scrolls of enchant weapon {unknown}
 z - a scroll of blinking {unknown}
 C - a scroll of poison {unknown}
 H - a scroll of summoning {unknown}
Potions
 c - 2 potions of resistance
 d - 2 potions of mutation
 e - a potion of invisibility {unknown}
 k - a potion of haste
 o - a potion of berserk rage {unknown}
 s - a potion of lignification {unknown}
 u - a potion of attraction
 v - a potion of might {unknown}
 I - a potion of magic


   Skills:
 + Level 5.7 Fighting
 + Level 5.7 Short Blades
 + Level 5.7 Long Blades
 + Level 5.7 Axes
 + Level 5.7 Maces & Flails
 + Level 5.7 Polearms
 + Level 5.7 Staves
 + Level 5.7 Ranged Weapons
 + Level 5.7 Throwing
 + Level 5.7 Armour
 + Level 7.4 Dodging
 + Level 7.1 Stealth
 + Level 5.7 Shields
 + Level 5.7 Unarmed Combat
 + Level 7.7 Spellcasting
 + Level 5.2 Conjurations
 + Level 4.7 Hexes
 + Level 4.7 Summonings
 + Level 4.7 Necromancy
 + Level 4.7 Translocations
 + Level 4.7 Transmutations
 + Level 7.3 Fire Magic
 + Level 4.7 Ice Magic
 + Level 4.7 Air Magic
 + Level 4.7 Earth Magic
 + Level 4.7 Poison Magic
 + Level 6.2 Invocations
 + Level 5.7 Evocations


You had 14 spell levels left.
You knew the following spells:

 Your Spells              Type           Power      Damage    Failure   Level
a - Foxfire               Conj/Fire      100%       2x1d9     1%          1
b - Scorch                Fire           100%       2d9       1%          2
c - Flame Wave            Conj/Fire      44%        2d11      4%          4
d - Inner Flame           Hex/Fire       43%        N/A       1%          3

Your spell library contained the following spells:

 Spells                   Type           Power      Damage    Failure   Level
 Sublimation of Blood     Necr           35%        N/A       1%          2
 Hailstorm                Conj/Ice       37%        3d9       1%          3
 Volatile Blastmotes      Fire/Tloc      86%        2d17      1%          3
 Sticky Flame             Conj/Fire      44%        2d6       4%          4
 Ice Form                 Ice/Tmut       35%        N/A       8%          4
 Petrify                  Tmut/Erth      35%        N/A       8%          4
 Irradiate                Conj/Tmut      18%        3d17      19%         5
 Plasma Beam              Fire/Air       21%        2x1d36    56%         6
 Simulacrum               Ice/Necr       17%        N/A       77%         6
 Ignition                 Fire           25%        3d8       100%        8
 Chain Lightning          Conj/Air       18%        3d24      100%        9
 Fire Storm               Conj/Fire      22%        8d6       100%        9
 Shatter                  Erth           17%        3d16*     100%        9


Dungeon Overview and Level Annotations

Branches:
Dungeon (8/15)             Temple (1/1) D:6          Bailey (visited)
   Lair: D:8-11

Altars:
Ashenzari
Cheibriados
Dithmenos
Elyvilon
Fedhas
Gozag
Kikubaaqudgha
Makhleb
Nemelex Xobeh
Okawaru
Qazlal
Ru
Sif Muna
Trog
Uskayaw
Vehumet
Wu Jian
Yredelemnul
The Shining One

Shops:
D:3 :   D:4 (   D:6 ==   D:7 (


Innate Abilities, Weirdness & Mutations

You have very sharp teeth.
Your uncanny sense of smell can sniff out nearby items.
Your experience applies equally to all skills.


Message History

The steam dragon is heavily wounded.
You conjure some foxfire!
The foxfire hits the steam dragon.
The steam dragon is heavily wounded.
The foxfire hits the steam dragon!
The steam dragon is almost dead.
The foxfire hits the steam dragon.
The steam dragon is almost dead.
The steam dragon breathes steam at you. The ball of steam hits your foxfire.
Your foxfire resists.
The ball of steam hits you!!
You hear an angry hiss.
You are too injured to fight recklessly!
You are engulfed in a cloud of scalding steam.
The foxfire hits the steam dragon but does no damage.
The steam dragon is almost dead.
Unknown command.
You are engulfed in a cloud of scalding steam.
A komodo dragon comes into view.
Casting: Foxfire (safe; 1% risk of failure)
Confirm with . or Enter, or press ? or * to list all spells.
Flames lash the steam dragon.
The steam dragon is almost dead.
The steam dragon's fire resistance burns away.
The komodo dragon hisses angrily.
You are engulfed in a cloud of scalding steam.
The steam dragon breathes steam at you. The ball of steam hits you!
* * * LOW HITPOINT WARNING * * *
Casting: Scorch (safe; 1% risk of failure)
Confirm with . or Enter, or press ? or * to list all spells.
You can't see any susceptible monsters within range! (Use Z to cast anyway.)
The steam dragon breathes steam at you. The ball of steam hits you!
* * * LOW HITPOINT WARNING * * *
Okay, then.
Okay, then.
It was a potion of cancellation.
You feel magically purged.
You are engulfed in a cloud of scalding steam.
You die...

###### ### # #.## ## .#
#..#### .#... ##....##
...... ## #####§##.....#
.###### ##.#§§.§§D....
#..##.# ###..§§.@§..l...
#.....###...§.§§..#..##.
∆ ###.........###.#.# ##
#.###.#.##.#..### ∆ ###
#################### ####
#.#..............# #...
#.# ...........#.# #...
#.# ###.........#####...
#.########...##..........


You could see a komodo dragon and a steam dragon (catching breath, combustible).

Vanquished Creatures
  A kobold demonologist (Bailey)
  Sigmund (D:2)
  A wyvern (D:8)
  A basilisk (D:8)
  A steam dragon (D:7)
  An acid dragon (D:8)
  2 water moccasins
  2 ice beasts (D:5)
  9 orc warriors
  A sky beast (D:6)
  A black bear (D:6)
  3 centaurs (D:7)
  2 ogres
  A bullfrog (D:6)
  A kobold brigand (D:7)
  A scorpion (D:5)
  A gnoll sergeant (D:8)
  16 wights
  3 electric eels
  7 howler monkeys
  5 jellies
  A gnoll bouda (D:3)
  7 orc priests
  3 iguanas
  A sleepcap (D:8)
  Terence (D:3)
  11 orc wizards
  17 gnolls
  6 adders
  4 ufetubi
  5 worms
  4 dart slugs
  40 orcs
  8 ball pythons
  6 bats
  11 endoplasms
  4 giant cockroaches
  12 goblins
  9 hobgoblins
  2 jackals (D:3)
  14 kobolds
  6 quokkas
  5 frilled lizards
  3 rats
241 creatures vanquished.

Vanquished Creatures (others)
  788 foxfires
788 creatures vanquished.

Grand Total: 1029 creatures vanquished

Notes
Turn   | Place    | Note
-------+----------+-------------------------------------------
     0 | D:1      | retardedninja the Gnoll Fire Elementalist began the quest
                  | for the Orb.
     0 | D:1      | Reached XP level 1. HP: 13/13 MP: 6/6
   139 | D:1      | Reached XP level 2. HP: 19/19 MP: 1/7
   206 | D:1      | Got the Writings on Lava
   623 | D:1      | Reached skill level 5 in Spellcasting
   623 | D:1      | Reached XP level 3. HP: 25/25 MP: 0/9
   657 | D:1      | Reached skill level 1 in Invocations
  1134 | D:2      | Noticed Sigmund
  1141 | D:1      | Learned a level 2 spell: Scorch
  1147 | D:2      | Killed Sigmund
  1148 | D:2      | Reached skill level 1 in Fighting
  1148 | D:2      | Reached skill level 1 in Short Blades
  1148 | D:2      | Reached skill level 1 in Long Blades
  1148 | D:2      | Reached skill level 1 in Axes
  1148 | D:2      | Reached skill level 1 in Maces & Flails
  1148 | D:2      | Reached skill level 1 in Polearms
  1148 | D:2      | Reached skill level 1 in Staves
  1148 | D:2      | Reached skill level 1 in Ranged Weapons
  1148 | D:2      | Reached skill level 1 in Throwing
  1148 | D:2      | Reached skill level 1 in Armour
  1148 | D:2      | Reached skill level 1 in Shields
  1148 | D:2      | Reached skill level 1 in Unarmed Combat
  1148 | D:2      | Reached skill level 1 in Hexes
  1148 | D:2      | Reached skill level 1 in Summonings
  1148 | D:2      | Reached skill level 1 in Necromancy
  1148 | D:2      | Reached skill level 1 in Translocations
  1148 | D:2      | Reached skill level 1 in Transmutations
  1148 | D:2      | Reached skill level 1 in Ice Magic
  1148 | D:2      | Reached skill level 1 in Air Magic
  1148 | D:2      | Reached skill level 1 in Earth Magic
  1148 | D:2      | Reached skill level 1 in Poison Magic
  1148 | D:2      | Reached skill level 1 in Evocations
  1148 | D:2      | Reached XP level 4. HP: 33/33 MP: 3/11
  1148 | D:2      | Reached XP level 5. HP: 38/38 MP: 3/12
  1567 | D:2      | Reached XP level 6. HP: 44/44 MP: 8/13
  2277 | D:3      | Found a faded altar of an unknown god.
  2324 | D:3      | Reached skill level 5 in Dodging
  2844 | D:3      | Found Sejo's Book Emporium.
  2888 | D:3      | Noticed Terence
  2898 | D:3      | Killed Terence
  4090 | D:3      | Reached XP level 7. HP: 40/50 MP: 6/15
  4349 | D:4      | Found Foonytwi's Weapon Emporium.
  4649 | D:4      | Reached skill level 5 in Stealth
  5106 | D:5      | Entered Level 5 of the Dungeon
  5356 | D:5      | Reached XP level 8. HP: 50/58 MP: 9/16
  6021 | D:5      | Learned a level 4 spell: Flame Wave
  6025 | D:5      | Learned a level 3 spell: Inner Flame
  6943 | D:6      | Reached XP level 9. HP: 65/65 MP: 11/18
  7717 | D:6      | Found Cidwoampomn's Jewellery Boutique.
  7856 | D:6      | Found a staircase to the Ecumenical Temple.
  7960 | Temple   | Entered the Ecumenical Temple
  8299 | Temple   | Became a worshipper of Cheibriados the Contemplative
  8387 | D:6      | Found Wior Vyruroo's Jewellery Emporium.
  8484 | D:6      | Reached skill level 5 in Invocations
  9201 | D:7      | Found Roschiop's Weapon Boutique.
  9350 | D:7      | Reached * piety under Cheibriados
 10122 | D:7      | Reached skill level 5 in Fighting
 10122 | D:7      | Reached skill level 5 in Short Blades
 10122 | D:7      | Reached skill level 5 in Long Blades
 10122 | D:7      | Reached skill level 5 in Axes
 10122 | D:7      | Reached skill level 5 in Maces & Flails
 10122 | D:7      | Reached skill level 5 in Polearms
 10122 | D:7      | Reached skill level 5 in Staves
 10122 | D:7      | Reached skill level 5 in Ranged Weapons
 10122 | D:7      | Reached skill level 5 in Throwing
 10122 | D:7      | Reached skill level 5 in Armour
 10122 | D:7      | Reached skill level 5 in Shields
 10122 | D:7      | Reached skill level 5 in Unarmed Combat
 10122 | D:7      | Reached skill level 5 in Evocations
 10122 | D:7      | Reached XP level 10. HP: 74/74 MP: 12/20
 10971 | D:8      | Found a flagged portal.
 11018 | Bailey   | Entered a bailey
 11121 | Bailey   | Noticed a kobold demonologist
 11130 | Bailey   | Killed a kobold demonologist
 11132 | Bailey   | Reached ** piety under Cheibriados
 11154 | Bailey   | Noticed an orc high priest
 11157 | Bailey   | Noticed a smoke demon
 11157 | Bailey   | Noticed a sixfirhy
 11178 | Bailey   | Found an iron altar of Okawaru.
 11185 | Bailey   | Found the +0 pair of fencer's gloves {Riposte Dex+3}
 11450 | Bailey   | Reached skill level 5 in Conjurations
 12047 | D:8      | Reached *** piety under Cheibriados
 12704 | D:8      | Engulfed by a steam dragon's steam

Illustrated notes

Levels and vault maps discovered:
D:1:      scummos_arrival_hexagon, layout_basic, palyth_stone_intersect,
          interstate_on_off
D:2:      layout_basic, dk_vineyard_2, uniq_sigmund
D:3:      layout_rooms, serial_shops, shop,
          hellmonk_ecumenical_altar_heavens_door, uniq_terence
D:4:      layout_gridville, serial_shops, nicolae_shop_stone
D:5:      layout_loops_corners, columned_hall_lemuel
D:6:      layout_cave_pods, minmay_temple_entry_fiery, serial_shops,
          nicolae_shop_pleasant_corner_grove, nicolae_shop_behind_doors,
          serial_bayou_ford_a
D:7:      layout_gridville, serial_shops, nicolae_shop_rolling_square
D:8:      layout_loops_ring, erik_lair_dragon, enter_bailey_2
Temple:   mainiacjoe_temple_trianglar_array

Skill      XL: |  1  2  3  4  5  6  7  8  9 10 |
---------------+-------------------------------+-----
Conjurations   | 2 3 4 5 |  5.2
Spellcasting   | 5 6 7 |  7.7
Invocations    | 1 2 3 4 5 6 |  6.2
Fighting       | 1 2 3 5 |  5.7
Short Blades   | 1 2 3 5 |  5.7
Long Blades    | 1 2 3 5 |  5.7
Axes           | 1 2 3 5 |  5.7
Maces & Flails | 1 2 3 5 |  5.7
Polearms       | 1 2 3 5 |  5.7
Staves         | 1 2 3 5 |  5.7
Ranged Weapons | 1 2 3 5 |  5.7
Throwing       | 1 2 3 5 |  5.7
Armour         | 1 2 3 5 |  5.7
Shields        | 1 2 3 5 |  5.7
Unarmed Combat | 1 2 3 5 |  5.7
Hexes          | 1 2 3 4 |  4.7
Summonings     | 1 2 3 4 |  4.7
Necromancy     | 1 2 3 4 |  4.7
Translocations | 1 2 3 4 |  4.7
Transmutations | 1 2 3 4 |  4.7
Ice Magic      | 1 2 3 4 |  4.7
Air Magic      | 1 2 3 4 |  4.7
Earth Magic    | 1 2 3 4 |  4.7
Poison Magic   | 1 2 3 4 |  4.7
Evocations     | 1 2 3 5 |  5.7
Dodging        | 5 6 7 |  7.4
Stealth        | 5 6 7 |  7.1
Fire Magic     | 6 7 |  7.3

Action                     |  1- 3 |  4- 6 |  7- 9 | 10-12 || total
---------------------------+-------+-------+-------+-------++-------
  Melee: Unarmed           |     2 |       |       |       ||     2
         Halberd           |       |       |    19 |       ||    19
         Bite              |       |       |     2 |     4 ||     6
         Lajatang          |       |       |     3 |     9 ||    12
         Demon blade       |       |       |       |     7 ||     7
   Cast: Foxfire           |    70 |   164 |   169 |    46 ||   449
         Scorch            |     2 |    17 |    99 |    40 ||   158
         Flame Wave        |       |       |       |     7 ||     7
  Evoke: Wand              |       |       |     8 |     2 ||    10
    Use: Scroll            |       |       |     5 |     5 ||    10
         Potion            |       |       |     4 |     6 ||    10
   Stab: Distracted        |       |       |       |     1 ||     1
 Armour: Robe              |     1 |       |    26 |    20 ||    47
  Dodge: Dodged            |     8 |    27 |   147 |    82 ||   264
  Block: Other             |       |       |       |     6 ||     6
Riposte: Lajatang          |       |       |       |    10 ||    10
         Demon blade       |       |       |       |     2 ||     2
